 Dungeon Crawl Stone Soup version 0.18-a0-1312-gf98331d (webtiles) character file.

61 Ratboiler the Skirmisher (level 3, 0/24 HPs)
             Began as a Deep Elf Wanderer on Feb 14, 2016.
             Slain by Sigmund
             ... wielding a +4 scythe of venom
              (7 damage)
             ... on level 2 of the Dungeon.
             The game lasted 00:07:14 (2039 turns).

Ratboiler the Skirmisher (Deep Elf Wanderer)        Turns: 2039, Time: 00:07:14

Health: 0/24       AC:  3    Str:  9    XL:     3   Next: 83%
Magic:  4/5        EV: 11    Int: 15    God:
Gold:   61         SH:  0    Dex: 16    Spells: 2 memorised, 0 levels left

rFire  . . .     SeeInvis .     e - +0 dagger
rCold  . . .     Gourm    .     d - +0 robe
rNeg   . . .     Faith    .     (no shield)
rPois  .         Spirit   .     (no helmet)
rElec  .         Dismiss  .     t - +0 cloak
rCorr  .         Reflect  .     (no gloves)
SustAt .         Harm     .     (no boots)
MR     .....                    (no amulet)
Stlth  +++.......               (no ring)
                                (no ring)

@: lethally poisoned (0 -> -11), about to teleport, very slightly contaminated,
not resistant to hostile enchantments, fairly stealthy
A: no striking features
a: no special abilities


You were on level 2 of the Dungeon.
You were hungry.

You visited 1 branch of the dungeon, and saw 2 of its levels.

You collected 61 gold pieces.

Inventory:

Hand Weapons
 e - a +0 dagger (weapon)
 m - a +0 falchion
Missiles
 g - 19 poisoned arrows
 i - 36 poisoned needles
 r - 19 sling bullets
 u - 3 steel tomahawks (quivered)
Armour
 d - a +0 robe (worn)
 t - a +0 cloak (worn)
Jewellery
 h - an uncursed ring of ice
Scrolls
 n - 2 scrolls of identify {unknown}
 s - a scroll of amnesia {unknown}
 v - a scroll of magic mapping {unknown}
Potions
 j - a potion of brilliance {unknown}
 k - a potion of cancellation {unknown}
 p - a potion of resistance {unknown}
 q - a potion of flight {unknown}
 w - a potion of mutation {unknown}
Books
 a - a book of Necromancy

   Spells                             Type                      Level
   a - Pain                           Necromancy                   1
   b - Animate Skeleton               Necromancy                   1
   c - Vampiric Draining              Necromancy                   3
   d - Regeneration                   Charms/Necromancy            3
   e - Animate Dead                   Necromancy                   4
   f - Control Undead                 Necromancy                   4
 b - Sif Muna's Handbook of Contamination

   Spells                             Type                      Level
   a - Sting                          Conjuration/Poison           1
   b - Ignite Poison                  Fire/Transmutation/Poison    3
Comestibles
 f - 2 bread rations
 l - 4 fruits
 o - a meat ration


   Skills:
 + Level 4.0 Fighting
 - Level 3.6 Stealth
 * Level 0.3 Spellcasting
 - Level 3.7 Necromancy
   Level 1.1 Earth Magic


You couldn't memorise any spells.
You knew the following spells:

 Your Spells              Type           Power        Failure   Level  Hunger
a - Animate Skeleton      Necr           N/A          8%          1    ##.....
b - Sting                 Conj/Pois      #...         28%         1    ##.....


Dungeon Overview and Level Annotations

Branches:
Dungeon (2/15)

Altars:
Pakellas

Annotations:
D:1 exclusion: downstairs
D:2 Sigmund


Message History

Sigmund casts a spell.
Sigmund flickers and vanishes!
Deactivating autopickup; reactivate with Ctrl-A.
You hit the goblin.
The goblin is moderately wounded.
The goblin barely misses you.
You hit the goblin.
You kill the goblin!
Something hits you!
You are poisoned.
You feel sick.
There is a stone staircase leading down here.
Things that are here:
a club; a goblin corpse Read which item? (? for menu, Esc to quit)
As you read the scroll of teleportation, it crumbles to dust.
You feel strangely unstable.
You feel sick. Something hits you!
* * * LOW HITPOINT WARNING * * *
Something hits you!
You die...

#...........## #..
###.##.......# #..
#.##........ #..
#........... #>.
##..##......# #..
###.........#.# #..
#..............
#..#######.#.#<#######..
#...<.w@>{...#.# #..
##.#######.###@# #.. #.
#....Z# ##%. #.
#####g####..... #.
#.......... #)
#.......... #.
................ ##
######....g.....
#.)........


You could see a worm.

Vanquished Creatures
  A gnoll (D:2)
  2 oozes (D:1)
  2 giant geckos (D:1)
  An orc (D:1)
  2 giant cockroaches
  7 hobgoblins
  3 kobolds
  7 bats
  4 giant newts
  3 goblins
  5 rats
37 creatures vanquished.

Vanquished Creatures (collateral kills)
  A ball python (D:1)
  2 giant cockroaches
  A goblin (D:1)
  A bat (D:1)
  A kobold (D:1)
6 creatures vanquished.

Grand Total: 43 creatures vanquished

Notes
Turn   | Place    | Note
--------------------------------------------------------------
     0 | D:1      | Ratboiler the Deep Elf Wanderer began the quest for the Orb.
     0 | D:1      | Ratboiler set off with: a book of Necromancy, Sif Muna's Handbook of Contamination, a scroll of teleportation, a +0 robe, a +0 dagger, a bread ration
     0 | D:1      | Reached XP level 1. HP: 14/14 MP: 3/3
     0 | D:1      | Identified Sif Muna's Handbook of Contamination
   361 | D:1      | Reached XP level 2. HP: 13/20 MP: 4/4
   489 | D:1      | Learned a level 1 spell: Animate Skeleton
  1139 | D:1      | Reached XP level 3. HP: 18/24 MP: 3/5
  1265 | D:1      | Learned a level 1 spell: Sting
  1698 | D:2      | Found a faded altar to an unknown god.
  1774 | D:2      | Reached skill level 4 in Fighting
  1788 | D:2      | Found an oddly glowing altar of Pakellas.
  1973 | D:2      | Noticed Sigmund
  2039 | D:2      | Slain by Sigmund

Vault maps used:
D:1:      ncdulo_halloftheorcs, st_stairs_14
D:2:      lemuel_doored_altar, grunt_pakellas_mercury, ecumenical_altar_2,
          uniq_sigmund

Action                   || total
-------------------------++-------
Melee: Dagger            ||   113
 Cast: Animate Skeleton  ||    15
       Sting             ||    19
  Use: Scroll            ||     2
       Potion            ||     1
 Stab: Sleeping          ||     5
       Distracted        ||     1
  Eat: Chunk             ||     5
